 Dungeon Crawl Stone Soup version 0.24-a0-619-gb7544fd237 (webtiles) character file.

Game seed: 1001391789213301645, levelgen mode: deterministic

422035 Peloso the Hoplite (level 22, -5/213 HPs)
             Began as a Minotaur Fighter on Sept 15, 2019.
             Was the Champion of Okawaru.
             Killed from afar by a frost giant (25 damage)
             ... with a bolt of cold
             ... on level 3 of the Vaults on Sept 17, 2019.
             The game lasted 02:55:57 (60200 turns).

Peloso the Hoplite (Minotaur Fighter)              Turns: 60200, Time: 02:55:58

Health: -5/213     AC: 27    Str: 30    XL:     22   Next: 67%
Magic:  0/24       EV: 13    Int: 10    God:    Okawaru [******]
Gold:   4278       SH: 19    Dex: 11    Spells: 22/22 levels left

rFire    . . .     SeeInvis .   a - +9 double sword (flame)
rCold    . . .     Gourm    .   i - +0 shield {AC+3}
rNeg     + + +     Faith    .   s - +1 crystal plate armour of Context {*Corrode rN+++ Regen+}
rPois    +         Spirit   +   E - +5 hat of the Zebra {MR+ Int+5}
rElec    .         Reflect  .   O - scarf {cloud immunity}
rCorr    .         Harm     .   (no gloves)
MR       +++..                  Q - +2 pair of boots {Fly}
Stlth    ..........             J - amulet of guardian spirit
HPRegen  0.85/turn              t - ring of poison resistance
MPRegen  0.19/turn              H - ring of protection from magic

@: heroism, corroded, flying
A: retaliatory headbutt, horns 2
}: 2/15 runes: decaying, serpentine
a: Heroism, Finesse, Renounce Religion, Stop Flying


You were on level 3 of the Vaults.
You worshipped Okawaru.
Okawaru was exalted by your worship.
You were near starving.

You visited 8 branches of the dungeon, and saw 38 of its levels.
You also visited: Bailey.

You collected 4761 gold pieces.
You spent 483 gold pieces at shops.

Inventory:

Hand Weapons
 a - a +9 double sword of flaming (weapon)
 b - the +9 falchion of Dim Light {elec, +Blink}
   (Okawaru gifted it to you on level 2 of the Lair of Beasts)

   Occasionally, upon striking a foe, it will discharge some electrical energy
   and cause terrible harm.
   It lets you blink.
Armour
 c - a +0 large shield
 i - a +0 shield of protection (worn)
 s - the +1 crystal plate armour of Context (worn) {*Corrode rN+++ Regen+}
   (Okawaru gifted it to you on level 2 of the Orcish Mines)

   It renders you almost immune to negative energy.
   It increases your rate of regeneration.
   It may corrode you when you take damage.
 A - the +0 chain mail of Daakhyxu {MR+ Int+2 Dex+3}
   (You found it on level 3 of the Elven Halls)

   It affects your intelligence (+2).
   It affects your dexterity (+3).
   It affects your resistance to hostile enchantments.
 E - the +5 hat of the Zebra (worn) {MR+ Int+5}
   (Okawaru gifted it to you on level 2 of the Vaults)

   It affects your intelligence (+5).
   It affects your resistance to hostile enchantments.
 F - +0 fire dragon scales
 K - a +0 hat of see invisible
 L - +0 ice dragon scales
 O - a scarf of cloud immunity (worn)
 Q - a +2 pair of boots of flying (worn)
Jewellery
 e - a +3 ring of intelligence
 t - a ring of poison resistance (left hand)
 D - a +2 ring of protection {unknown}
 H - a ring of protection from magic (right hand)
 J - an amulet of guardian spirit (around neck)
 P - an uncursed ring of resist corrosion
 V - a +3 ring of dexterity
 Z - the ring "Moulilat" {rF+ EV+3 Int+4}
   (You took it off a deep elf knight on level 3 of the Elven Halls)

   [ring of evasion]

   It affects your evasion (+3).
   It affects your intelligence (+4).
   It protects you from fire.
Wands
 n - a wand of enslavement (6)
 o - a wand of paralysis (7)
 N - a wand of digging (3)
Scrolls
 g - 9 scrolls of teleportation
 m - 13 scrolls of remove curse
 p - 7 scrolls of magic mapping
 v - 2 scrolls of noise
 x - a scroll of enchant armour
 B - 9 scrolls of identify
 G - a scroll of blinking
 U - 5 scrolls of fear
Potions
 d - 3 potions of might
 h - 3 potions of agility
 j - 3 potions of resistance
 k - 5 potions of flight
 l - a potion of heal wounds
 r - 22 potions of curing
 u - 3 potions of invisibility
 w - 3 potions of mutation
 z - a potion of berserk rage
 C - a potion of magic
Miscellaneous
 q - a fan of gales
 y - a sack of spiders
Comestibles
 f - 53 rations


   Skills:
 + Level 21.3(26.3) Fighting
 + Level 21.6(26.6) Long Blades
   Level 0.2(5.2) Axes
 + Level 1.1(6.1) Throwing
 + Level 20.5(25.5) Armour
 + Level 7.0(12.0) Dodging
 + Level 2.8(7.8) Stealth
 + Level 24.9(27) Shields
 + Level 1.2(6.2) Unarmed Combat
 + Level 0.6 Spellcasting
 + Level 4.3 Invocations
 + Level 1.8 Evocations


You had 22 spell levels left.
You didn't know any spells.
Your spell library contained the following spells:

 Spells                   Type           Power        Failure   Level  Hunger
 Confusing Touch          Hex            #.....       91%         1    ##.....
 Flame Tongue             Conj/Fire      #....        91%         1    ##.....
 Infusion                 Chrm           #...         91%         1    ##.....
 Magic Dart               Conj           #...         91%         1    ##.....
 Sandblast                Erth           #.....       91%         1    ##.....
 Sting                    Conj/Pois      #...         91%         1    ##.....
 Summon Butterflies       Summ           #.......     91%         1    ##.....
 Blink                    Tloc           N/A          97%         2    ###....
 Call Imp                 Summ           #.......     97%         2    ###....
 Ensorcelled Hibernation  Hex/Ice        #.....       97%         2    ###....
 Passwall                 Tmut/Erth      #.......     97%         2    ###....
 Poisonous Vapours        Pois/Air       #.....       97%         2    ###....
 Searing Ray              Conj           #.....       97%         2    ###....
 Shroud of Golubria       Chrm/Tloc      #.....       97%         2    ###....
 Slow                     Hex            #.......     97%         2    ###....
 Song of Slaying          Chrm           #.......     97%         2    ###....
 Swiftness                Chrm/Air       #.......     97%         2    ###....
 Call Canine Familiar     Summ           #.......     100%        3    ####...
 Confuse                  Hex            #.......     100%        3    ####...
 Conjure Flame            Conj/Fire      #.......     100%        3    ####...
 Dazzling Spray           Conj/Hex       #.....       100%        3    ####...
 Gell's Gravitas          Tloc           #.........   100%        3    ####...
 Mephitic Cloud           Conj/Pois/Air  #.......     100%        3    ####...
 Recall                   Summ/Tloc      N/A          100%        3    ####...
 Regeneration             Chrm/Necr      #.........   100%        3    ####...
 Spectral Weapon          Hex/Chrm       #.......     100%        3    ####...
 Static Discharge         Conj/Air       #.......     100%        3    ####...
 Stone Arrow              Conj/Erth      #.....       100%        3    ####...
 Animate Dead             Necr           N/A          100%        4    #####..
 Cause Fear               Hex            #.........   100%        4    #####..
 Force Lance              Conj/Tloc      #.......     100%        4    #####..
 Fulminant Prism          Conj/Hex       #.........   100%        4    #####..
 Ice Form                 Ice/Tmut       #.......     100%        4    #####..
 Iskenderun's Mystic Bla  Conj           #.......     100%        4    #####..
 Passage of Golubria      Tloc           N/A          100%        4    #####..
 Petrify                  Tmut/Erth      #.......     100%        4    #####..
 Summon Ice Beast         Ice/Summ       #.......     100%        4    #####..
 Summon Lightning Spire   Summ/Air       #.......     100%        4    #####..
 Bolt of Magma            Conj/Fire/Erth #.........   100%        5    ######.
 Borgnjor's Vile Clutch   Necr/Erth      #.........   100%        5    ######.
 Irradiate                Conj/Tmut      #.........   100%        5    ######.
 Iskenderun's Battlesphe  Conj/Chrm      #.......     100%        5    ######.
 Lee's Rapid Deconstruct  Erth           #.........   100%        5    ######.
 Lightning Bolt           Conj/Air       #.........   100%        5    ######.
 Metabolic Englaciation   Hex/Ice        #.........   100%        5    ######.
 Silence                  Hex/Air        #.........   100%        5    ######.
 Summon Mana Viper        Hex/Summ       #.......     100%        5    ######.
 Venom Bolt               Conj/Pois      #.........   100%        5    ######.
 Yara's Violent Unravell  Hex/Tmut       #.........   100%        5    ######.
 Bolt of Cold             Conj/Ice       #.........   100%        6    #######
 Bolt of Fire             Conj/Fire      #.........   100%        6    #######
 Conjure Ball Lightning   Conj/Air       #.........   100%        6    #######
 Darkness                 Hex            #.........   100%        6    #######
 Death Channel            Necr           #.........   100%        6    #######
 Deflect Missiles         Chrm/Air       #.........   100%        6    #######
 Freezing Cloud           Conj/Ice/Air   #.........   100%        6    #######
 Hydra Form               Tmut           #.........   100%        6    #######
 Invisibility             Hex            #.......     100%        6    #######
 Iron Shot                Conj/Erth      #.........   100%        6    #######
 Ozocubu's Refrigeration  Ice            #.........   100%        6    #######
 Poison Arrow             Conj/Pois      #.........   100%        6    #######
 Shadow Creatures         Summ           N/A          100%        6    #######
 Simulacrum               Ice/Necr       #.........   100%        6    #######
 Statue Form              Tmut/Erth      #........    100%        6    #######
 Dragon Form              Tmut           #.........   100%        7    #######
 Orb of Destruction       Conj           #.........   100%        7    #######
 Spellforged Servitor     Conj/Summ      #.........   100%        7    #######
 Summon Hydra             Summ           #.........   100%        7    #######
 Chain Lightning          Conj/Air       #.........   100%        8    #######
 Ignition                 Fire           #.........   100%        8    #######
 Lehudib's Crystal Spear  Conj/Erth      #.........   100%        8    #######
 Dragon's Call            Summ           #.........   100%        9    #######
 Fire Storm               Conj/Fire      #.........   100%        9    #######
 Glaciate                 Conj/Ice       #.........   100%        9    #######
 Shatter                  Erth           #.........   100%        9    #######
 Tornado                  Air            #.........   100%        9    #######


Dungeon Overview and Level Annotations

Branches:
Dungeon (15/15)            Temple (1/1) D:5            Lair (6/6) D:8
  Swamp (4/4) Lair:4        Snake (4/4) Lair:4        Slime (0/5) Lair:6
    Orc (2/2) D:12            Elf (3/3) Orc:2        Vaults (3/5) D:13
  Crypt (0/3) Vaults:2     Depths (0/5) D:15         Bailey (visited)

Altars:
Ashenzari
Cheibriados
Dithmenos
Elyvilon
Fedhas
Gozag
Hepliaklqana
Kikubaaqudgha
Makhleb
Nemelex Xobeh
Okawaru
Qazlal
Ru
Sif Muna
Trog
Uskayaw
Vehumet
Wu Jian
Xom
Yredelemnul
Zin
The Shining One

Shops:
Orc:2 !=::*   Elf:3 [   Snake:3 [


Innate Abilities, Weirdness & Mutations

You reflexively headbutt those who attack you in melee.
You have a pair of horns on your head.


Message History

* * * LOW HITPOINT WARNING * * *
The frost giant freezes you.
* * * LOW HITPOINT WARNING * * *
You hit the frost giant but do no damage.
The frost giant is moderately wounded.
The vault warden hits you from afar with a +0 halberd!!
* * * LOW HITPOINT WARNING * * *
Unknown command.
You slice the frost giant!! You burn the frost giant.
You headbutt the frost giant, but do no damage.
The frost giant is moderately wounded.
The frost giant gestures at you while chanting.
The bolt of cold misses you.
Unknown command.
You slice the frost giant!! You burn the frost giant.
The frost giant is heavily wounded.
You block the vault warden's attack.
The frost giant gestures at you while chanting.
The bolt of cold hits you!!
You die...

############...
........... ########...
### #... ..# #... #.#
#... #.# #... #.# #...
#@# #...
#C#########+###...
...####p#s..##.##...'...
<.Ga..GCs§..##.##...#...
<.p{..pO#O..........#...
...####.###.......###...
.. #.###.......###...
#.#...........#...
#.###.......###...


You could see an ironheart preserver, a frost giant, a vault warden, a great orb
of eyes, an ettin, a tarantella and an ogre.

Vanquished Creatures
  Mara (Elf:3)
  Bai Suzhen (Elf:3)
  Vashnia (Snake:3)
  Saint Roka (Orc:2)
  Rupert (Lair:4)
  Asterion (Snake:3)
  6 deep elf blademasters
  The ghost of Taschum the Severer, an adept DrAK of Lugonu (Vaults:1)
  4 deep elf master archers (Elf:3)
  Gastronok (D:11)
  Kirke (Lair:4)
  A thorn hunter (Swamp:4)
  13 nagarajas
  4 deep elf sorcerers
  12 vault wardens
  Louise (D:15)
  The ghost of PeterQ the Grappler, a journeyman TrHu of Okawaru (Orc:2)
  A frost giant (Vaults:3)
  An orc warlord (Bailey)
  3 deep elf elementalists (Elf:3)
  6 ironheart preservers
  3 very ugly things (Vaults:1)
  9 stone giants (Vaults:2)
  2 entropy weavers
  A vampire knight (D:12)
  2 green draconians (Swamp:3)
  Nessos (D:15)
  10 deep elf annihilators
  A dire elephant (Lair:6)
  2 ettins
  A deep elf death mage (Elf:3)
  A deep elf high priest (Elf:3)
  2 fire dragons (Vaults:2)
  5 yaktaur captains
  A great orb of eyes (Vaults:1)
  A rakshasa (Vaults:2)
  4 vault guards (Vaults:2)
  A ghost crab (Swamp:3)
  A merfolk avatar (Lair:6)
  2 shambling mangroves
  An ice dragon (Vaults:2)
  15 naga warriors
  34 hydras
  24 anacondas
  A catoblepas (Lair:6)
  11 ogre magi
  A death knight (Vaults:2)
  3 centaur warriors
  A satyr (shapeshifter) (Elf:2)
  35 dancing weapons
  41 two-headed ogres
  2 alligators
  An orc high priest (Orc:2)
  A vampire mage (D:12)
  6 death yaks (Lair:6)
  18 naga sharpshooters
  5 shock serpents
  26 deep elf knights
  Sonja (D:13)
  A shadow wraith (Vaults:1)
  12 skeletal warriors
  A storm dragon skeleton (Vaults:2)
  2 sea snakes (Lair:6)
  3 deep trolls (Vaults:2)
  A salamander mystic (Snake:3)
  A death drake (shapeshifter) (Vaults:2)
  2 spriggan druids (Swamp:4)
  6 wizards
  An unseen horror (D:11)
  11 naga ritualists
  11 deep elf archers
  3 flayed ghosts (Vaults:2)
  20 swamp dragons
  10 orc knights
  4 wolf spiders
  2 necromancers
  6 ironbrand convokers
  23 ugly things
  5 orc sorcerers
  7 cyclopes
  18 elephants
  2 manticores (Lair:6)
  58 deep elf magi
  9 salamanders
  A sphinx skeleton (Vaults:2)
  8 mana vipers
  2 stone giant skeletons (Vaults:2)
  16 guardian serpents
  6 centaur zombies
  A guardian serpent (shapeshifter) (Vaults:1)
  A frost giant skeleton (Vaults:2)
  45 black mambas
  17 naga magi
  A storm dragon simulacrum (Vaults:2)
  17 spiny frogs
  11 vault sentinels
  2 kobold demonologists (D:15)
  A yaktaur zombie (Vaults:1)
  19 komodo dragons
  11 yaktaurs
  2 rime drakes
  3 freezing wraiths
  An efreet (D:13)
  A polar bear (shapeshifter) (Vaults:2)
  4 polar bears (Lair:6)
  6 trolls
  12 tyrant leeches
  A jumping spider (Vaults:3)
  2 wind drakes (Lair:6)
  14 hornets
  5 blink frogs (Lair:4)
  Grinder (D:5)
  16 hippogriffs
  36 slime creatures
  A human simulacrum (Vaults:2)
  6 bog bodies
  17 flying skulls
  2 shadows
  An ettin skeleton (Vaults:2)
  8 spriggans
  2 water elementals
  3 wraiths
  A wyvern (Lair:2)
  Eustachio (D:3)
  10 vampires
  8 air elementals
  2 redbacks (Vaults:2)
  3 hogs (Lair:4)
  43 yaks
  3 basilisks
  A yak (shapeshifter) (Elf:1)
  A fire elemental (Elf:1)
  3 hungry ghosts
  6 vampire mosquitoes
  14 insubstantial wisps
  A deep troll zombie (Vaults:2)
  3 acid dragons
  56 nagas
  A swamp worm (shapeshifter) (Vaults:2)
  15 swamp worms
  7 wargs
  18 water moccasins
  2 deep troll skeletons (Vaults:2)
  Duvessa (D:3)
  An ogre skeleton (Vaults:1)
  A porcupine (shapeshifter) (Vaults:1)
  36 orc warriors
  11 porcupines
  4 black bears
  2 phantoms
  22 swamp drakes
  7 ice beasts
  57 ogres
  3 sky beasts
  2 eyes of draining
  A necrophage (D:14)
  7 centaurs
  14 crocodiles
  10 wolves
  6 boggarts
  3 human skeletons
  3 big kobolds
  19 bullfrogs
  6 earth elementals
  Dowan (D:3)
  A wyvern skeleton (D:10)
  4 scorpions
  10 killer bees
  16 wights
  6 howler monkeys
  2 electric eels (Lair:6)
  4 crimson imps
  2 bullfrog zombies (D:11)
  23 orc priests
  5 hounds
  2 quasits
  8 human zombies
  A bullfrog skeleton (D:5)
  3 iguanas
  5 jellies
  36 orc wizards
  5 centaur skeletons
  Terence (D:2)
  A hell rat (D:12)
  7 worker ants
  2 hound zombies
  A hound skeleton (D:9)
  A worker ant zombie (D:5)
  Robin (D:3)
  3 gnolls (D:3)
  13 adders
  2 howler monkey skeletons
  2 river rats (D:12)
  5 shadow imps
  4 oozes (Lair:6)
  2 adder skeletons (D:6)
  3 worms
  A dart slug (D:3)
  11 leopard geckos
  122 orcs
  11 bats
  13 giant cockroaches
  19 goblins
  14 hobgoblins
  11 jackals
  4 quokkas
  5 frilled lizards
  A giant cockroach zombie (D:6)
  30 kobolds
  2 quokka skeletons
  9 rats
  2 briar patches (Swamp:4)
  3 fungi
  4 plants
1720 creatures vanquished.

Vanquished Creatures (others)
  A spriggan druid (Swamp:4)
  An unseen horror (D:15)
  A harpy (Vaults:1)
  5 dream sheep (D:15)
  A vampire mosquito (Swamp:1)
  An ogre (Vaults:1)
  A boggart (Vaults:2)
  12 fungi
  11 plants
34 creatures vanquished.

Grand Total: 1754 creatures vanquished

Notes
Turn   | Place    | Note
-------+----------+-------------------------------------------
     0 | D:1      | Peloso the Minotaur Fighter began the quest for the Orb.
     0 | D:1      | Reached XP level 1. HP: 19/19 MP: 0/0
   114 | D:1      | Reached XP level 2. HP: 23/27 MP: 1/1
   514 | D:1      | Reached skill level 4 in Shields
   514 | D:1      | Reached XP level 3. HP: 34/34 MP: 2/2
   683 | D:2      | Noticed Terence
   696 | D:2      | Killed Terence
   743 | D:2      | Reached XP level 4. HP: 32/41 MP: 3/3
  1068 | D:2      | Reached skill level 1 in Dodging
  1830 | D:3      | Reached XP level 5. HP: 46/47 MP: 4/4
  2046 | D:3      | Reached skill level 5 in Fighting
  2059 | D:3      | Reached skill level 5 in Armour
  2059 | D:3      | Reached XP level 6. HP: 46/56 MP: 5/5
  2817 | D:4      | Noticed Eustachio
  2819 | D:4      | Noticed Duvessa
  2845 | D:3      | Killed Eustachio
  2845 | D:3      | Reached skill level 5 in Long Blades
  2845 | D:3      | Reached skill level 5 in Shields
  2868 | D:4      | Noticed Dowan
  3056 | D:4      | Noticed Robin
  3073 | D:3      | Killed Robin
  3085 | D:3      | Killed Duvessa
  3085 | D:3      | Reached XP level 7. HP: 40/61 MP: 6/6
  3094 | D:3      | Killed Dowan
  3361 | D:4      | You fall into a shaft and drop 2 floors!
  3466 | D:5      | Entered Level 5 of the Dungeon
  3466 | D:5      | Noticed Grinder
  3477 | D:5      | Paralysed by Grinder for 3 turns
  3481 | D:5      | Paralysed by Grinder for 4 turns
  3497 | D:5      | Killed Grinder
  3497 | D:5      | Reached skill level 6 in Shields
  3706 | D:6      | Reached XP level 8. HP: 42/70 MP: 7/7
  3982 | D:5      | Reached skill level 7 in Shields
  4078 | D:5      | Found a staircase to the Ecumenical Temple.
  4087 | Temple   | Entered the Ecumenical Temple
  4131 | Temple   | Became a worshipper of Warmaster Okawaru
  4925 | D:6      | Reached * piety under Okawaru
  5143 | D:6      | Reached XP level 9. HP: 78/78 MP: 8/8
  5788 | D:7      | Reached ** piety under Okawaru
  5858 | D:7      | Reached skill level 8 in Shields
  6174 | D:7      | Got a pitted ring mail
  6185 | D:7      | Identified the +1 ring mail "Fuvew" {rPois rN+} (You found
                  | it on level 7 of the Dungeon)
  6763 | D:8      | Reached skill level 1 in Stealth
  6792 | D:8      | Reached skill level 10 in Long Blades
  6906 | D:8      | Reached skill level 9 in Shields
  7133 | D:8      | Reached XP level 10. HP: 58/86 MP: 9/9
  7394 | D:8      | Found a staircase to the Lair.
  7904 | D:8      | Reached *** piety under Okawaru
  8274 | D:8      | Noticed a two-headed ogre
  8281 | D:8      | Killed a two-headed ogre
  8281 | D:8      | Reached skill level 10 in Shields
  8411 | D:8      | Found a shadowy altar of Dithmenos.
  8434 | D:8      | Noticed a two-headed ogre
  8452 | D:8      | Killed a two-headed ogre
  8452 | D:8      | Reached **** piety under Okawaru
  8730 | D:9      | Found a flagged portal.
  8752 | Bailey   | Entered a bailey
  8803 | Bailey   | Noticed an orc warlord
  8891 | Bailey   | Found a runed translucent gate.
  8891 | Bailey   | Found a runed translucent gate.
  8891 | Bailey   | Found a runed translucent gate.
  9055 | Bailey   | Killed an orc warlord
  9055 | Bailey   | Reached skill level 11 in Shields
  9114 | Bailey   | Identified 2 scrolls of acquirement
  9255 | D:9      | Reached XP level 11. HP: 95/95 MP: 10/10
  9455 | D:9      | Noticed a two-headed ogre
  9465 | D:9      | Killed a two-headed ogre
  9465 | D:9      | Reached ***** piety under Okawaru
  9543 | D:9      | Noticed a two-headed ogre
  9556 | D:9      | Killed a two-headed ogre
  9850 | D:9      | Reached skill level 10 in Armour
 10180 | D:10     | Entered Level 10 of the Dungeon
 10207 | D:10     | Noticed a centaur warrior
 10219 | D:10     | Killed a centaur warrior
 10520 | D:10     | Received a gift from Okawaru
 10660 | D:10     | Found an ornate altar of the Wu Jian Council.
 10991 | D:11     | Noticed a five-headed hydra
 11013 | D:11     | Killed a nine-headed hydra
 11013 | D:11     | Reached skill level 12 in Shields
 11124 | D:11     | Noticed a green ugly thing
 11133 | D:11     | Killed a green ugly thing
 11172 | D:11     | Killed an unseen horror
 11347 | D:11     | Reached skill level 10 in Fighting
 11397 | D:11     | Noticed Gastronok
 11410 | D:11     | Killed Gastronok
 11410 | D:11     | Reached XP level 12. HP: 23/106 MP: 9/11
 12113 | D:12     | Reached ****** piety under Okawaru
 12148 | D:12     | Reached skill level 5 in Dodging
 12179 | D:12     | Found a staircase to the Orcish Mines.
 13098 | D:12     | Received a gift from Okawaru
 13287 | D:12     | Reached skill level 13 in Shields
 13369 | D:12     | Found a basalt altar of Yredelemnul.
 13369 | D:12     | Noticed a vampire knight
 13369 | D:12     | Noticed a vampire mage
 13382 | D:12     | Killed a vampire knight
 13382 | D:12     | Reached skill level 1 in Invocations
 13392 | D:12     | Killed a vampire mage
 14737 | Lair:1   | Entered Level 1 of the Lair of Beasts
 14854 | Lair:1   | Reached XP level 13. HP: 98/116 MP: 12/12
 16191 | Lair:2   | Received a gift from Okawaru
 16196 | Lair:2   | Got a steaming falchion {god gift}
 16197 | Lair:2   | Identified the +9 falchion of Dim Light {elec, +Blink}
                  | (Okawaru gifted it to you on level 2 of the Lair of Beasts)
 17804 | Lair:4   | Found a staircase to the Snake Pit.
 17844 | Lair:4   | Reached skill level 14 in Shields
 18157 | Lair:4   | Noticed Rupert
 18176 | Lair:4   | Killed Rupert
 18176 | Lair:4   | Received a gift from Okawaru
 18176 | Lair:4   | Reached skill level 15 in Long Blades
 18610 | Lair:4   | Received a gift from Okawaru
 18685 | Lair:4   | Noticed Kirke
 18987 | Lair:4   | Found a staircase to the Swamp.
 19468 | Lair:4   | Killed Kirke
 19468 | Lair:4   | Reached XP level 14. HP: 126/129 MP: 14/14
 21245 | D:13     | Noticed Sonja
 21273 | D:13     | Killed Sonja
 21567 | D:13     | Found a gate to the Vaults.
 21587 | D:13     | Reached skill level 15 in Shields
 22209 | D:13     | Received a gift from Okawaru
 22559 | Orc:1    | Entered Level 1 of the Orcish Mines
 22888 | Orc:2    | Entered Level 2 of the Orcish Mines
 22888 | Orc:2    | Found Fiheboap's General Store.
 22889 | Orc:2    | Noticed Saint Roka
 24130 | Orc:1    | Paralysed by an orc sorcerer for 7 turns
 24784 | Orc:1    | Received a gift from Okawaru
 25481 | Orc:1    | Reached skill level 16 in Shields
 26862 | Orc:1    | Reached XP level 15. HP: 93/138 MP: 15/15
 27001 | Orc:2    | Killed Saint Roka
 27001 | Orc:2    | Reached skill level 15 in Armour
 27056 | Orc:2    | Bought a scroll of noise for 14 gold pieces
 27061 | Orc:2    | Found a runed translucent door.
 27063 | Orc:2    | Found a shimmering altar of Xom.
 27063 | Orc:2    | Noticed PeterQ's ghost (journeyman TrHu)
 27238 | Orc:2    | Found Nueguc's Jewellery Shoppe.
 27238 | Orc:2    | Found Ted Tium's Book Boutique.
 27239 | Orc:2    | Found Cacrom's Distillery.
 27239 | Orc:2    | Found Foimpom's Book Shoppe.
 27249 | Orc:2    | Bought a potion of cancellation for 112 gold pieces
 27249 | Orc:2    | Bought a potion of might for 56 gold pieces
 27284 | Orc:2    | Found a staircase to the Elven Halls.
 27682 | Orc:1    | Paralysed by an orc sorcerer for 5 turns
 28213 | D:14     | Identified the +5 ring mail of the Komodo Dragon {+Fly
                  | rPois Str-2}
 28357 | D:14     | You fall into a shaft and drop 1 floor!
 28357 | D:15     | Entered Level 15 of the Dungeon
 28634 | D:15     | Received a gift from Okawaru
 28828 | D:15     | Reached skill level 17 in Shields
 29205 | D:15     | Found a shimmering altar of Xom.
 29206 | D:15     | Noticed Nessos
 29226 | D:15     | Killed Nessos
 29488 | D:15     | Noticed Louise
 29495 | D:15     | Paralysed by an ogre mage for 3 turns
 29768 | D:15     | Paralysed by a wizard for 6 turns
 30180 | D:14     | Received a gift from Okawaru
 31230 | D:15     | Found a staircase to the Depths.
 31272 | D:15     | Killed Louise
 31330 | D:15     | Received a gift from Okawaru
 32265 | Lair:6   | Entered Level 6 of the Lair of Beasts
 32292 | Lair:6   | Reached skill level 15 in Fighting
 32397 | Lair:6   | Reached skill level 1 in Evocations
 32832 | Lair:6   | Reached XP level 16. HP: 149/149 MP: 17/17
 32895 | Lair:6   | Found a staircase to the Slime Pits.
 32898 | Lair:6   | Reached skill level 18 in Shields
 33166 | Lair:6   | Received a gift from Okawaru
 33527 | Lair:6   | Got a scorched quarterstaff
 33538 | Lair:6   | Identified the +7 quarterstaff of the Sky {freeze, +Blink
                  | +Rage rF- Str-5} (You found it on level 6 of the Lair of
                  | Beasts)
 34563 | Swamp:1  | Entered Level 1 of the Swamp
 35585 | Swamp:2  | Received a gift from Okawaru
 35631 | Swamp:2  | HP: 4/151 [swamp worm (13)]
 35913 | Swamp:2  | Reached skill level 19 in Shields
 36824 | Swamp:3  | Reached XP level 17. HP: 159/159 MP: 18/18
 36868 | Swamp:3  | Found a white marble altar of Elyvilon.
 37712 | Swamp:4  | Entered Level 4 of the Swamp
 37822 | Swamp:4  | Received a gift from Okawaru
 39828 | Swamp:4  | Got a decaying rune of Zot
 40027 | Snake:1  | Entered Level 1 of the Snake Pit
 40065 | Snake:1  | Received a gift from Okawaru
 40555 | Snake:1  | Reached skill level 20 in Shields
 41243 | Snake:1  | Received a gift from Okawaru
 41779 | Snake:2  | Received a gift from Okawaru
 42022 | Snake:2  | Upgraded the game from 0.24-a0-618-ge4662a2d14 to
                  | 0.24-a0-619-gb7544fd237
 42939 | Snake:3  | Reached XP level 18. HP: 163/170 MP: 19/19
 43259 | Snake:3  | Noticed Vashnia
 43471 | Lair:1   | Reached skill level 1 in Throwing
 43471 | Lair:1   | Reached skill level 1 in Unarmed Combat
 43471 | Lair:1   | Reached XP level 19. HP: 177/177 MP: 20/20
 43704 | Elf:1    | Entered Level 1 of the Elven Halls
 43769 | Orc:2    | Received a gift from Okawaru
 43779 | Orc:2    | Got a faintly humming crystal plate armour {god gift}
 43790 | Orc:2    | Identified the +1 crystal plate armour of Context {*Corrode
                  | rN+++ Regen+} (Okawaru gifted it to you on level 2 of the
                  | Orcish Mines)
 44403 | Elf:1    | You fall into a shaft and drop 1 floor!
 46053 | Elf:1    | Reached skill level 21 in Shields
 47093 | Elf:2    | Found a runed translucent gate.
 47093 | Elf:2    | Found a runed translucent gate.
 47097 | Elf:2    | Found a runed translucent gate.
 47606 | Elf:3    | Entered Level 3 of the Elven Halls
 47606 | Elf:3    | Noticed Bai Suzhen
 47624 | Elf:3    | Killed Bai Suzhen
 47709 | Elf:3    | Received a gift from Okawaru
 47758 | Elf:3    | Found Dofywocurph's Armour Shoppe.
 48336 | Snake:3  | Killed Vashnia
 48491 | Snake:3  | Noticed Asterion
 49057 | Snake:3  | Received a gift from Okawaru
 49067 | Snake:3  | Reached XP level 20. HP: 165/189 MP: 13/21
 49077 | Snake:3  | Got a twisted robe {god gift}
 49078 | Snake:3  | Identified the +3 robe "Goigh" {+Fly rF+} (Okawaru gifted
                  | it to you on level 3 of the Snake Pit)
 49155 | Snake:3  | Found Demo's Armour Shoppe.
 49163 | Snake:3  | Bought a +2 pair of boots of flying for 301 gold pieces
 49555 | Snake:4  | Entered Level 4 of the Snake Pit
 49689 | Snake:4  | Reached skill level 22 in Shields
 50739 | Snake:3  | Killed Asterion
 50845 | Snake:4  | Received a gift from Okawaru
 51552 | Snake:4  | Received a gift from Okawaru
 51664 | Snake:4  | Got a serpentine rune of Zot
 52002 | Vaults:1 | Entered Level 1 of the Vaults
 52355 | Vaults:1 | Reached skill level 23 in Shields
 52695 | Vaults:1 | Reached XP level 21. HP: 142/200 MP: 22/22
 52712 | Vaults:1 | Received a gift from Okawaru
 52786 | Vaults:1 | Got an encrusted falchion {god gift}
 52787 | Vaults:1 | Identified the +1 falchion of the Final Decision {venom,
                  | rPois} (Okawaru gifted it to you on level 1 of the Vaults)
 52965 | Vaults:1 | Got a spiked plate armour
 52976 | Vaults:1 | Identified the +5 plate armour of Tulips {+Blink rPois rC-
                  | SInv} (You found it on level 1 of the Vaults)
 53275 | Vaults:1 | Got a scorched ring mail
 53276 | Vaults:1 | Identified the +0 ring mail of Cicryerch {*Slow rC++ Int+8}
                  | (You found it on level 1 of the Vaults)
 53562 | Vaults:1 | Found a runed translucent gate.
 53562 | Vaults:1 | Found a runed translucent gate.
 53562 | Vaults:1 | Found a runed translucent gate.
 53697 | Vaults:1 | Noticed Taschum's ghost (adept DrAK)
 53704 | Vaults:1 | Paralysed by a Zot trap for 3 turns
 53876 | Vaults:1 | Killed Taschum's ghost
 53940 | Vaults:1 | Got an ichor-stained hat
 53951 | Vaults:1 | Identified the +1 hat of Kuhas {rF+ MR- Int+5} (You found
                  | it on level 1 of the Vaults)
 54086 | Orc:2    | Killed PeterQ's ghost
 54236 | Elf:3    | Received a gift from Okawaru
 54327 | Elf:3    | Noticed Mara
 54349 | Elf:3    | Identified the +1 robe "Fuse" {Int+7 Slay+3}
 54500 | Elf:3    | Noticed Peloso's illusion
 54815 | Elf:3    | Killed Mara
 55325 | Elf:3    | Received a gift from Okawaru
 55552 | Elf:3    | Identified the +8 hand axe "Lumot" {vamp, rElec Str+5}
 55554 | Elf:3    | Identified the cursed +2 glaive of the Undead {freeze, rN+}
 55554 | Elf:3    | Identified the ring "Moulilat" {rF+ EV+3 Int+4}
 55554 | Elf:3    | Identified the cursed +3 spear of the Snake Pit {holy,
                  | *Drain rPois Stlth+}
 56425 | Elf:3    | Identified the +1 broad axe of Revutek {chop, Str+6}
 56577 | Elf:3    | Identified the Tome of Poisonous Curses
 56580 | Elf:3    | Got an ichor-stained chain mail
 56608 | Elf:3    | Identified the cursed +0 chain mail of Daakhyxu {MR+ Int+2
                  | Dex+3} (You found it on level 3 of the Elven Halls)
 57185 | Elf:2    | Reached skill level 24 in Shields
 58163 | Vaults:2 | Reached XP level 22. HP: 170/211 MP: 24/24
 58214 | Vaults:2 | Received a gift from Okawaru
 58221 | Vaults:2 | Got an ichor-stained hat {god gift}
 58232 | Vaults:2 | Identified the +5 hat of the Zebra {MR+ Int+5} (Okawaru
                  | gifted it to you on level 2 of the Vaults)
 59966 | Vaults:2 | Found a staircase to the Crypt.
 60144 | Vaults:3 | Received a gift from Okawaru
 60200 | Vaults:3 | Killed from afar by a frost giant

Levels and vault maps discovered:
D:1:      lemuel_arrival_behind_the_door_small, layout_loops_ring, minivault_27,
          serial_park_tiny_2, minmay_octomino_c4
D:2:      layout_loops_ring, uniq_terence
D:3:      layout_basic
D:4:      layout_rooms, uniq_duvessa, uniq_eustachio, uniq_robin
D:5:      layout_rooms, minmay_temple_entry_grid, first_ration, uniq_grinder
D:6:      layout_basic
D:7:      minmay_skewed_foursquare, layout_layer_cave, hangedman_decor_riveting
D:8:      layout_gridville, nicolae_dithmenos_shadow_blocks,
          due_lair_maze_entry_diamond
D:9:      minmay_bloctagon_deflated, layout_basic, enter_bailey_2
D:10:     layout_gridville, basic_altar
D:11:     layout_roguey, uniq_gastronok
D:12:     lemuel_vampire_tower, layout_basic, hiddenorc2_lemuel, grunt_pizzeria,
          nicolae_twisting_strands
D:13:     layout_loops_corners, erik_vaults_1, uniq_sonja
D:14:     layout_roguey, grunt_ministairs_8, minmay_strange_pillars
D:15:     grunt_enter_depths_magical_seal, layout_irregular_city,
          serial_park_tiny_1, st_stairs_7, kb_xom_exploding_sheep, uniq_louise,
          uniq_nessos
Temple:   kilobyte_greek_temple
Lair:1:   layout_chaotic_city, grunt_megastairs_5
Lair:2:   layout_chaotic_city, st_stairs_11
Lair:3:   layout_cave_pods, grunt_megastairs_2
Lair:4:   layout_long_grid, swamp_mist_pool, minmay_snake_entry_guardpost_small,
          uniq_rupert, uniq_kirke
Lair:5:   layout_loops_ring, lemuel_fruit_fields, grunt_megastairs_4
Lair:6:   gammafunk_lair_ancient_temple, layout_regular_city,
          nicolae_slime_entry_slimehenge, nicolae_quartered_pool_little,
          hangedman_lair_generics_rect
Swamp:1:  layout_basic_swamp, evilmike_swamp_ruin_house_4
Swamp:2:  layout_falls_marsh, evilmike_swamp_ruin_house_2, swamp_pool5,
          st_swamp_ruins_4
Swamp:3:  layout_falls_marsh, lemuel_altar_in_water, swamp_pool5,
          hangedman_swamp_dais
Swamp:4:  swamp, layout_basic_swamp
Snake:1:  layout_misc_corridors, serial_bayou_shore_b
Snake:2:  layout_onion_interference, nicolae_snake_single_loop
Snake:3:  layout_onion, serial_shops, shop, grunt_ministairs_1, uniq_asterion,
          uniq_vashnia
Snake:4:  grunt_snake_rune_serpentine_throne, layout_rooms,
          nicolae_large_snake_swirl
Orc:1:    layout_caves, serial_shops
Orc:2:    st_orc_ogre_mass, layout_caves, serial_shops, shop, ebering_ghost_xom,
          uniq_saint_roka
Elf:1:    minmay_elf_arrival_summoners, layout_geoelf_diagonals,
          hangedman_elven_crosses_minicolossus
Elf:2:    layout_loops_corners
Elf:3:    minmay_elf_hall, layout_gridlike, serial_shops, shop, uniq_mara,
          uniq_bai_suzhen
Vaults:1: gammafunk_vaults_ghost_tricky_traps, st_octagons_1,
          nicolae_vaults_mini_display_case, hangedman_vaults_pinch, v_misc_15,
          nicolae_vaults_border_crossing, vaults_room_grid,
          layout_vaults_omnigrid
Vaults:2: minmay_crypt_entry_skeletal_spiral, nicolae_vaults_arrows,
          vaults_mumra_lcd, vaults_mumra_hex, vaults_dpeg_doors,
          ontoclasm_vaults_ligature, dpeg_vaults_monster_row, v_pattern_1,
          vaults_room_door_hall, vaults_room_large_hall, v_misc_13,
          ontoclasm_vaults_chip, vaults_room_ringed_pool, vaults_room_pool,
          layout_vaults_omnibox
Vaults:3: ontoclasm_vaults_idyll, vaults_dpeg_diagonal, v_rooms_4,
          nicolae_vaults_minivaults, ontoclasm_vaults_claustrophobia,
          hangedman_vaults_impose, v_misc_19, vaults_room_semicircle,
          vaults_room_door_ring, nicolae_vaults_yaktaur_gun_rack,
          dpeg_vaults_monster_box, layout_vaults_chaotic_city, serial_shops,
          nicolae_shop_behind_doors

Skill      XL: |  1  2  3  4  5  6  7  8  9 10 11 12 13 14 15 16 17 18 19 20 21 22 |
---------------+-------------------------------------------------------------------+-----
Fighting       | 4 5 6 7 8 10 11 13 14 15 16 17 18 19 20 21 | 21.3
Shields        | 4 5 6 7 9 11 12 13 14 16 17 19 20 21 23 24 | 24.9
Long Blades    | 3 4 5 6 8 10 11 13 14 15 16 17 18 19 20 21 | 21.6
Armour         | 4 5 6 7 8 9 11 12 13 14 15 16 17 18 19 20 | 20.5
Dodging        | 1 2 3 4 5 6 7 |  7.0
Stealth        | 1 2 |  2.8
Invocations    | 1 2 3 4 |  4.3
Evocations     | 1 |  1.8
Throwing       | 1 |  1.1
Unarmed Combat | 1 |  1.2
Axes           | |  0.2
Spellcasting   | |  0.6

Action                   |  1- 3 |  4- 6 |  7- 9 | 10-12 | 13-15 | 16-18 | 19-21 | 22-24 || total
-------------------------+-------+-------+-------+-------+-------+-------+-------+-------++-------
Melee: Long sword        |    61 |   195 |   300 |   199 |       |       |       |       ||   755
       Headbutt          |     8 |    34 |    65 |   184 |   318 |   295 |   365 |   142 ||  1411
       Demon blade       |       |       |       |   669 |   101 |       |       |       ||   770
       Falchion          |       |       |       |       |   797 |       |       |       ||   797
       Hand axe          |       |       |       |       |     9 |       |       |       ||     9
       Scimitar          |       |       |       |       |     9 |       |       |       ||     9
       Double sword      |       |       |       |       |   300 |  1152 |  1639 |   498 ||  3589
Invok: Heroism           |       |       |       |    12 |    23 |     2 |     9 |     2 ||    48
       Finesse           |       |       |       |       |     1 |       |     1 |       ||     2
 Abil: Evoke Blink       |       |       |       |       |     1 |       |       |       ||     1
Evoke: Wand              |       |       |       |       |    14 |     4 |       |       ||    18
  Use: Scroll            |       |     8 |     2 |    12 |    14 |     8 |    14 |       ||    58
       Potion            |       |       |     1 |     6 |     4 |     4 |     2 |     2 ||    19
  Eat: Chunk             |       |     4 |    15 |    19 |    48 |    29 |    34 |     6 ||   155
       Ration            |       |     1 |       |     2 |     3 |     2 |     4 |       ||    12
Armor: Scale mail        |    36 |     4 |       |       |       |       |       |       ||    40
       Chain mail        |       |   102 |   128 |   232 |   102 |       |       |       ||   564
       Plate armour      |       |       |       |       |   198 |       |       |       ||   198
       Crystal plate arm |       |       |       |       |    56 |   676 |   689 |   264 ||  1685
Dodge: Dodged            |    34 |    49 |    75 |   276 |   341 |   345 |   340 |   156 ||  1616
Block: Shield            |    54 |   134 |   195 |   625 |   804 |   915 |  1384 |   419 ||  4530
       Large shield      |       |       |       |       |   121 |    80 |       |       ||   201
       Rpst.: Long sword |    10 |    14 |    23 |    19 |       |       |       |       ||    66
       Demon blade       |       |       |       |    37 |     4 |       |       |       ||    41
       Falchion          |       |       |       |       |    62 |       |       |       ||    62
       Double sword      |       |       |       |       |    17 |    51 |    83 |    38 ||   189

Table legend:
 A = Non-vault XP
 B = Vault XP
 C = Vault XP percentage of total XP
 D = Non-vault monster count
 E = Vault monster count
 F = Vault count percentage of total count
                 A         B        C        D         E       F
            +---------+---------+-------+---------+---------+-------
      Total |  368933 |  341538 |  48.1 |    1138 |     577 |  33.6
            +---------+---------+-------+---------+---------+-------
        D:1 |      29 |      13 |  31.0 |      17 |       6 |  26.1
        D:2 |      80 |      38 |  32.2 |      20 |       1 |   4.8
        D:3 |     293 |     444 |  60.2 |      37 |       6 |  14.0
        D:4 |     174 |      16 |   8.4 |       6 |       8 |  57.1
        D:5 |     699 |     262 |  27.3 |      21 |       1 |   4.5
        D:6 |     963 |       0 |   0.0 |      19 |       0 |   0.0
        D:7 |     931 |     336 |  26.5 |      18 |       4 |  18.2
        D:8 |    3662 |    1037 |  22.1 |      39 |       9 |  18.8
        D:9 |    2031 |    1231 |  37.7 |      24 |       4 |  14.3
       D:10 |    2572 |       0 |   0.0 |      19 |       0 |   0.0
       D:11 |    5448 |    2811 |  34.0 |      57 |       4 |   6.6
       D:12 |    5406 |    9917 |  64.7 |      31 |      80 |  72.1
       D:13 |    6639 |    2603 |  28.2 |      22 |       3 |  12.0
       D:14 |    5431 |     245 |   4.3 |      28 |       2 |   6.7
       D:15 |   11580 |   12717 |  52.3 |      44 |      15 |  25.4
     Lair:1 |    3019 |     859 |  22.2 |      13 |       5 |  27.8
     Lair:2 |    2820 |     540 |  16.1 |      15 |       2 |  11.8
     Lair:3 |    3347 |    1608 |  32.5 |      16 |       4 |  20.0
     Lair:4 |   10050 |    6101 |  37.8 |      39 |       8 |  17.0
     Lair:5 |    3268 |    1090 |  25.0 |       9 |       3 |  25.0
     Lair:6 |   19714 |   14924 |  43.1 |      46 |      43 |  48.3
    Swamp:1 |    6391 |       0 |   0.0 |      22 |       0 |   0.0
    Swamp:2 |   10443 |    8927 |  46.1 |      28 |      16 |  36.4
    Swamp:3 |    9278 |    6491 |  41.2 |      26 |      11 |  29.7
    Swamp:4 |   18120 |   18763 |  50.9 |      49 |      25 |  33.8
    Snake:1 |   20805 |       0 |   0.0 |      41 |       0 |   0.0
    Snake:2 |    7013 |       0 |   0.0 |      11 |       0 |   0.0
    Snake:3 |   32766 |   10349 |  24.0 |      56 |       7 |  11.1
    Snake:4 |   32626 |   42363 |  56.5 |      57 |      59 |  50.9
      Orc:1 |    5456 |   19208 |  77.9 |      63 |      41 |  39.4
      Orc:2 |    2189 |    9037 |  80.5 |      18 |      10 |  35.7
      Elf:1 |   14207 |   13996 |  49.6 |      25 |      22 |  46.8
      Elf:2 |   18657 |   26347 |  58.5 |      31 |      31 |  50.0
      Elf:3 |   16861 |   54632 |  76.4 |      28 |      24 |  46.2
   Vaults:1 |   36289 |   24579 |  40.4 |      64 |      31 |  32.6
   Vaults:2 |   45203 |   37313 |  45.2 |      72 |      63 |  46.7
   Vaults:3 |    4473 |   10902 |  70.9 |       7 |       8 |  53.3
     Bailey |       0 |    1839 | 100.0 |       0 |      21 | 100.0
            +---------+---------+-------+---------+---------+-------
